 Dungeon Crawl Stone Soup version 0.19-a0-939-g86877d0 (webtiles) character file.

97 CInkIbrahim the Slasher (level 4, -4/33 HPs)
             Began as a Vampire Gladiator on July 8, 2016.
             Slain by Robin
             ... wielding a +0 spear
              (5 damage)
             ... on level 2 of the Dungeon.
             The game lasted 00:02:38 (1331 turns).

CInkIbrahim the Slasher (Vampire Gladiator)         Turns: 1331, Time: 00:02:40

Health: -4/33      AC:  6    Str: 15    XL:     4   Next: 42%
Magic:  4/4        EV: 13    Int: 10    God:
Gold:   94         SH:  0    Dex: 14    Spells: 0 memorised, 3 levels left

rFire  . . .     SeeInvis +     a - +0 long sword
rCold  + . .     Gourm    .     b - +0 leather armour
rNeg   + + +     Faith    +     (no shield)
rPois  +         Spirit   .     c - +0 helmet
rElec  .         Dismiss  .     m - +0 cloak
rCorr  .         Reflect  .     i - +0 pair of gloves (curse)
SustAt .         Harm     .     (no boots)
MR     .....                    l - amulet of faith
Stlth  +.........               (no ring)
                                n - ring of positive energy

@: regenerating slowly, not resistant to hostile enchantments, very unstealthy
A: fangs 3, see invisible, unbreathing
a: Bat Form


You were on level 2 of the Dungeon.
You were thirsty.

You visited 1 branch of the dungeon, and saw 2 of its levels.

You collected 94 gold pieces.

Inventory:

Hand Weapons
 a - a +0 long sword (weapon)
Missiles
 d - 5 throwing nets (quivered)
 j - 6 poisoned tomahawks
Armour
 b - a +0 leather armour (worn)
 c - a +0 helmet (worn)
 i - a cursed +0 pair of gloves (worn)
 m - a +0 cloak (worn)
Jewellery
 l - an amulet of faith (around neck)
 n - a ring of positive energy (left hand)
Potions
 e - a potion of blood
 g - 2 potions of might {unknown}
 o - a potion of curing {unknown}


   Skills:
 - Level 1.7 Fighting
 + Level 5.3 Long Blades
 - Level 1.5 Throwing
 - Level 3.2 Dodging


You had 3 spell levels left.
You didn't know any spells.

Dungeon Overview and Level Annotations

Branches:
Dungeon (2/15)

Altars:
Gozag
Yredelemnul

Annotations:
D:2 Robin


Innate Abilities, Weirdness & Mutations

You heal slowly.
You have razor-sharp teeth.
You have supernaturally acute eyesight. (SInv)
You can survive without breathing.


Message History

Robin hits you from afar with a spear.
You barely miss the hobgoblin.
The hobgoblin is severely wounded.
The hobgoblin misses you.
You riposte.
You hit the hobgoblin.
You kill the hobgoblin!
Robin zaps a wand.
It is a wand of polymorph.
Robin zaps a wand.
You resist with some effort.
You see here a club.
You barely miss Robin.
Robin says, "Duck!"
Robin hits you with a spear.
* * * LOW HITPOINT WARNING * * *
You hit Robin but do no damage. Robin hits you with a spear.
* * * LOW HITPOINT WARNING * * *
Robin closely misses you.
You riposte.
You slash Robin!
Robin is heavily wounded.
You closely miss Robin.
Robin is heavily wounded.
Robin hits you with a spear.
You die...

.............)<)..._...........>#
###.#.####.#####.#....>######.#.#
#...# #.......####### #.#.#
#####.##########.... #.#.#
.............. .... #.#.#
#####..####### #.... #.#.# ##.##
#.#### ##.#.# #..# #.# #..#.#
##.# #@# ##.#.. #.## #g# #.....
######..#######.# #.####
..............))+ #.#
#######.#######.# . #.#
#######..######)#####.. ### ##
............†......)... ...
######......).....g.... ###
#....#≈##.........


You could see Robin.

Vanquished Creatures
  Jessica (D:2)
  2 adders (D:2)
  A worm (D:2)
  A ball python (D:1)
  4 giant cockroaches
  15 goblins
  6 hobgoblins
  2 jackals (D:2)
  3 kobolds
  A quokka (D:2)
  A bat (D:1)
  8 rats
45 creatures vanquished.

Notes
Turn   | Place    | Note
-------+----------+-------------------------------------------
     0 | D:1      | CInkIbrahim the Vampire Gladiator began the quest for the Orb.
     0 | D:1      | Reached XP level 1. HP: 16/16 MP: 1/1
   321 | D:1      | Reached XP level 2. HP: 22/22 MP: 2/2
   834 | D:2      | Reached skill level 4 in Long Blades
   857 | D:2      | Found a basalt altar of Yredelemnul.
   893 | D:2      | Reached XP level 3. HP: 26/27 MP: 3/3
   914 | D:2      | Found an opulent altar of Gozag.
   915 | D:2      | Noticed Jessica
   926 | D:2      | Killed Jessica
  1253 | D:2      | Reached skill level 5 in Long Blades
  1253 | D:2      | Reached XP level 4. HP: 30/33 MP: 4/4
  1293 | D:2      | Noticed Robin
  1330 | D:2      | HP: 1/33 [Robin/spear (5)]
  1331 | D:2      | Slain by Robin

Vault maps used:
D:1:      co_arrival_square_in_a_square_in_a_square, st_stairs_1
D:2:      nicolae_overflow_crystal_walls, minivault_4,
          nicolae_gozag_seed_capital, uniq_robin, uniq_jessica,
          uniq_crazy_yiuf_cottage

Skill      XL: |  1  2  3 |
---------------+----------+-----
Long Blades    | 4 5 |  5.3
Fighting       | |  1.7
Throwing       | |  1.5
Dodging        | |  3.2

Action                   |  1- 3 |  4- 6 || total
-------------------------+-------+-------++-------
Melee: Long sword        |    97 |    55 ||   152
       Bite              |     8 |     2 ||    10
  Use: Scroll            |     3 |       ||     3
 Stab: Sleeping          |     2 |       ||     2
  Eat: Corpse            |     1 |       ||     1
Armor: Leather armour    |    18 |    13 ||    31
Dodge: Dodged            |    50 |    33 ||    83
